 Dungeon Crawl Stone Soup version 0.19-a0-1007-g133f65f (webtiles) character file.

676 mistymad the Insei (level 7, -3/43 HPs)
             Began as an Octopode Transmuter on July 19, 2016.
             Killed from afar by an orc wizard (8 damage)
             ... with a magic dart
             ... on level 5 of the Dungeon.
             The game lasted 00:14:03 (6090 turns).

mistymad the Insei (Octopode Transmuter)            Turns: 6090, Time: 00:14:05

Health: -3/43      AC:  2    Str:  9    XL:     7   Next: 59%
Magic:  1/10       EV: 21    Int: 17    God:
Gold:   326        SH:  0    Dex: 18    Spells: 3 memorised, 4 levels left

rFire  . . .     SeeInvis .       - Unarmed
rCold  . . .     Gourm    .     (shield currently unavailable)
rNeg   . . .     Faith    .     (helmet currently unavailable)
rPois  x         Spirit   .     q - amulet of rage
rElec  .         Dismiss  .     e - ring of resist corrosion
rCorr  +         Reflect  .     (no ring)
SustAt .         Harm     .     (no ring)
MR     .....                    (no ring)
Stlth  ++........               (no ring)
                                (no ring)
                                (no ring)
                                (no ring)

@: spider-form, not resistant to hostile enchantments, unstealthy
A: almost no armour, (amphibious), 8 rings, (constrict 8), (camouflage 0),
(gelatinous body 0)
a: End Transformation, Evoke Berserk Rage


You were on level 5 of the Dungeon.
You were not hungry.
You were a venomous arachnid creature.
You visited 1 branch of the dungeon, and saw 5 of its levels.

You collected 326 gold pieces.

Inventory:

Missiles
 a - 78 arrows
 h - 7 javelins (quivered)
 l - a throwing net
Jewellery
 e - a ring of resist corrosion (left front leg)
 q - an amulet of rage (around neck)
Scrolls
 d - 2 scrolls of blinking
 i - 2 scrolls of remove curse
 m - a scroll of teleportation {unknown}
 n - 3 scrolls of recharging
 u - a scroll of noise {unknown}
 v - a scroll of amnesia {unknown}
 w - a scroll of immolation {unknown}
Potions
 g - 2 potions of flight
 j - a potion of curing
 k - 2 potions of mutation
 o - a potion of haste
 p - a potion of ambrosia
 r - a potion of brilliance
 t - 2 potions of heal wounds
Books
 b - a book of Changes

   Spells                             Type                      Level
   a - Beastly Appendage              Transmutation                1
   b - Sticks to Snakes               Transmutation                2
   c - Spider Form                    Transmutation/Poison         3
   d - Ice Form                       Ice/Transmutation            4
   e - Blade Hands                    Transmutation                5
Comestibles
 c - 6 bread rations
 f - 2 meat rations


   Skills:
 - Level 1.0 Fighting
 + Level 2.8 Dodging
 + Level 6.3 Unarmed Combat
 - Level 2.0 Spellcasting
 + Level 5.7 Transmutations


You had 4 spell levels left.
You knew the following spells:

 Your Spells              Type           Power        Failure   Level  Hunger
a - Beastly Appendage     Tmut           ###...       8%          1    #......
b - Sticks to Snakes      Tmut           ###.....     10%         2    ###....
c - Spider Form           Tmut/Pois      ##........   41%         3    ###....


Dungeon Overview and Level Annotations

Branches:
Dungeon (5/15)
 Temple: D:4-7

Altars:
Ashenzari
Nemelex Xobeh
Pakellas
Sif Muna
Trog
Uskayaw
Yredelemnul

Annotations:
D:2 Sigmund
D:3 exclusion: door, Grinder


Innate Abilities, Weirdness & Mutations

You cannot wear most types of armour.
((You are amphibious.))
You can wear up to eight rings at the same time.
((You can use your tentacles to constrict eight enemies at once.))
((Your skin changes colour to match your surroundings (Stealth+).))
((Your rubbery body absorbs attacks. (AC +1)))


Message History

Confirm with . or Enter, or press ? or * to list all spells.
You create a snake!
You now have 79 arrows.
The orc wizard completely misses you.
An orc comes into view. It is wielding a trident.
You now have 3/10 mp.
Casting: Sticks to Snakes
Confirm with . or Enter, or press ? or * to list all spells.
You create a snake!
You now have 78 arrows.
Your adder bites the orc priest.
The orc priest is poisoned.
Your adder poisons the orc priest!
The orc wizard casts a spell at you. The magic dart hits you!
* * * LOW HITPOINT WARNING * * *
You take 10 damage, and have 5/43 hp.
MASSIVE DAMAGE!!
You now have 1/10 mp.
You swap places.
Your adder closely misses the orc priest.
The orc priest hits your ball python.
Your ball python dies!
The orc wizard points at you and mumbles some strange words.
The magic dart hits you!
You die...

############...
#..........##..
##o########..... ###
#o.............. ..####
#...(.....###...
###....#####[........#
#...
#...##.##............#
##..
#...##..#.##o[.......#
##. ...#
#..<......s.o..##.######
## ...#
#....######.SS...........
...# #....###
#..####.####### ...#
#......####..# #...# ...#
#...##....#..# ###.####
...####...#####....#
#......# ........###
###..# #......# .#..#####
##..# #......# .#.##
###...####......####


You could see an orc priest, an orc wizard, a friendly adder and a friendly ball
python.

Vanquished Creatures
  A centaur (D:5)
  A howler monkey (D:4)
  A crimson imp (D:4)
  An orc priest (D:4)
  A hound (D:5)
  4 orc wizards
  Jessica (D:3)
  Terence (D:3)
  3 worker ants
  An iguana (D:5)
  A killer bee zombie (D:5)
  A hound skeleton (D:4)
  4 adders
  An adder skeleton (D:4)
  3 worms
  2 dart slugs
  3 giant geckos
  9 orcs
  2 giant cockroaches
  11 goblins
  9 hobgoblins
  13 jackals
  2 quokkas (D:2)
  5 bats
  5 giant newts
  2 kobolds (D:2)
  8 rats
96 creatures vanquished.

Vanquished Creatures (collateral kills)
  2 orc wizards (D:5)
  An orc (D:5)
3 creatures vanquished.

Grand Total: 99 creatures vanquished

Notes
Turn   | Place    | Note
-------+----------+-------------------------------------------
     0 | D:1      | mistymad the Octopode Transmuter began the quest for the Orb.
     0 | D:1      | Reached XP level 1. HP: 13/13 MP: 3/3
   331 | D:1      | Reached XP level 2. HP: 11/18 MP: 3/5
   961 | D:1      | Learned a level 2 spell: Sticks to Snakes
  1097 | D:2      | Found a basalt altar of Yredelemnul.
  1117 | D:2      | Reached XP level 3. HP: 23/23 MP: 4/6
  1427 | D:2      | Found a hide-covered altar of Uskayaw.
  1590 | D:2      | Found a bloodstained altar of Trog.
  1904 | D:2      | Found a bloodstained altar of Trog.
  1951 | D:2      | Found a shattered altar of Ashenzari.
  1981 | D:2      | Noticed Sigmund
  2144 | D:2      | Reached XP level 4. HP: 8/28 MP: 5/7
  2386 | D:2      | Learned a level 3 spell: Spider Form
  2473 | D:3      | Reached skill level 4 in Unarmed Combat
  2505 | D:3      | Noticed Terence
  2728 | D:3      | Killed Terence
  2901 | D:3      | Reached XP level 5. HP: 21/33 MP: 5/8
  3011 | D:3      | Noticed Jessica
  3020 | D:3      | Killed Jessica
  3128 | D:3      | Noticed Grinder
  3329 | D:2      | Found a sparkling altar of Nemelex Xobeh.
  3329 | D:2      | Found an oddly glowing altar of Pakellas.
  3775 | D:4      | Reached XP level 6. HP: 38/38 MP: 5/9
  3779 | D:4      | Reached skill level 5 in Unarmed Combat
  4058 | D:4      | Reached skill level 5 in Transmutations
  4367 | D:4      | Found a deep blue altar of Sif Muna.
  4646 | D:4      | Reached XP level 7. HP: 43/43 MP: 10/10
  4653 | D:5      | Entered Level 5 of the Dungeon
  4896 | D:5      | Reached skill level 6 in Unarmed Combat
  5176 | D:5      | Found a bloodstained altar of Trog.
  5652 | D:5      | HP: 2/43 [orc wizard/puff of frost (6)]
  6090 | D:5      | Killed from afar by an orc wizard

Vault maps used:
D:1:      dpeg_arrival_line_fractal, roderic_three_in_a_row,
          minmay_misc_feat_four_crosses, minmay_three_crescents
D:2:      overflow_temple_1_default, old_standard_altar, ashenzari_altar_1,
          old_standard_altar, nicolae_overflow_hidden_temple, trog_book,
          uniq_sigmund
D:3:      nicolae_tso_swordbearing_angel, uniq_grinder, uniq_terence,
          uniq_jessica
D:4:      lemuel_blue_sif_altar, nicolae_zen_rock_garden
D:5:      first_bread, trog_three_pillars_becter

Skill      XL: |  1  2  3  4  5  6  7 |
---------------+----------------------+-----
Transmutations | 3 4 5 |  5.7
Unarmed Combat | 4 5 6 |  6.3
Fighting       | |  1.0
Dodging        | |  2.8
Spellcasting   | |  2.0

Action                   |  1- 3 |  4- 6 |  7- 9 || total
-------------------------+-------+-------+-------++-------
Melee: Unarmed           |    82 |   157 |    47 ||   286
       Constrict         |    25 |    10 |     7 ||    42
       Tentacles         |    12 |     6 |     3 ||    21
       Punch             |     2 |       |     3 ||     5
       Kick              |    14 |       |       ||    14
 Cast: Beastly Appendage |     7 |       |       ||     7
       Spider Form       |       |    14 |     8 ||    22
       Sticks to Snakes  |       |     2 |     7 ||     9
  Use: Scroll            |     8 |       |     6 ||    14
       Potion            |     1 |     1 |       ||     2
 Stab: Sleeping          |     3 |       |     1 ||     4
  Eat: Chunk             |     3 |    10 |     2 ||    15
       Meat ration       |       |       |     1 ||     1
Armor: Skin              |     5 |    13 |     3 ||    21
Dodge: Dodged            |    42 |   171 |    68 ||   281
